Unix NetHack Version 5.0.0-0 post-release - last build May 10 2026 23:12:36 (d1fa5d53e341ca933230fdaa984d921c805b60aa,branch:main).

Game began 2026-05-14 00:08:50, ended 2026-05-14 03:44:14.

BeardyHaddock, neutral male gnomish Archeologist

                                        ..
                                       ...--
                                      ...*.-
                                     ........
                                 h  ..-.......
                                   ............
                                    |.%.)%......
                                    ---.....r......---
                                      -..---.........|
                                     |...| --........--
                                      ...|  |........q---
                                       -.|  |..--....%@.|
                                             -------....|
                                                   ---.--
                                                     ---
BeardyHaddock the Field Worker  St:12 Dx:10 Co:14 In:17 Wi:17 Ch:7  Neutral
Dlvl:7  $:265 HP:0(49) Pw:14(14) AC:6  Xp:5 T:4124 

Latest messages:
 You see here a partly eaten goblin corpse.
 The rothe just misses!
 The rothe just misses!
 The rothe misses!
 You start digging.
 You hit the rock with all your might.
 You stop digging.
 The rothe hits!
 The rothe bites!
 The rothe bites again!
 You see here a partly eaten goblin corpse.
 You hear crashing rock.
 What do you want to drink? [yG or ?*] y
 You feel much better.
 You hit the rothe.
 The rothe hits!
 The rothe bites!
 The rothe bites again!
 You miss the rothe.
 The rothe hits!
 The rothe bites!
 The rothe bites again!
 You hit the rothe.
 You hit the rothe.
 The rothe hits!
 The rothe bites!
 The rothe just misses!
 You hit the rothe.
 You kill the rothe!
 The rothe hits!
 The rothe bites!
 The rothe bites again!
 You hit the rothe.
 The rothe hits!
 The rothe bites!
 The rothe bites again!
 You hit the rothe.
 The rothe hits!
 The rothe bites!
 The rothe bites again!
 You hit the rothe.
 The rothe hits!
 The rothe bites!
 The rothe bites again!
 You die...
 Do you want your possessions identified? [ynq] (y) n
 Do you want to see your attributes? [ynq] (y) n
 Do you want an account of creatures vanquished? [ynaq] (y) n
 Do you want to see your conduct and achievements? [ynq] (y) n
 Do you want to see the dungeon overview? [ynq] (y) n

Inventory:
 Coins    ('$')
  $ - 265 gold pieces
 Amulets  ('"')
  r - a cursed amulet of magical breathing
  E - a cursed amulet of strangulation
 Weapons  (')')
  F - a +1 silver dagger
  a - a +2 bullwhip
 Armor    ('[')
  c - an uncursed +0 fedora (being worn)
  Z - an uncursed +0 pair of low boots
  o - an uncursed +0 cloak of protection (being worn)
  x - an uncursed +0 dwarvish cloak
  b - a blessed +0 leather jacket (being worn)
 Comestibles  ('%')
  d - 7 uncursed food rations
 Scrolls  ('?')
  t - a blessed scroll of blank paper
  s - 3 uncursed scrolls of blank paper
  V - an uncursed scroll of confuse monster
  m - an uncursed scroll of destroy armor
  q - an uncursed scroll of enchant armor
  j - an uncursed scroll of gold detection
  l - 2 uncursed scrolls of identify
  v - a blessed scroll of light
  k - an uncursed scroll of teleportation
 Potions  ('!')
  G - an uncursed potion of gain energy
 Wands    ('/')
  w - a wand of light (1:4)
  n - a wand of polymorph (0:1)
  X - a wand of speed monster (0:4)
  p - a wand of stasis (0:6)
  D - a wand of undead turning (0:6)
 Tools    ('(')
  h - an empty uncursed sack
  i - an uncursed oil lamp (lit)
  e - a +0 pick-axe (weapon in right hand)
  H - an uncursed skeleton key
  f - a tinning kit (0:54)
  C - an uncursed towel
 Gems/Stones  ('*')
  B - a cursed amethyst stone
  z - an uncursed emerald
  u - an uncursed jade stone
  g - an uncursed touchstone

BeardyHaddock the Archeologist's attributes:

Background:
 You were a Field Worker, a level 5 male gnomish Archeologist.
 You were neutral, on a mission for Camaxtli
 who was opposed by Quetzalcoatl (lawful) and Huhetotl (chaotic).
 You were right-handed.
 You were in the Gnomish Mines, on level 7.
 You entered the dungeon 4124 turns ago.
 It was nighttime.
 You had 179 experience points, 141 more were needed to attain level 6.

Basics:
 You had 0 out of 49 hit points.
 You had all 14 energy points (spell power).
 Your armor class was 6.
 Your wallet contained 265 zorkmids.
 Autopickup was off.

Final Characteristics:
 Your strength was 12 (limit:18/50).
 Your dexterity was 10 (limit:18).
 Your constitution was 14 (limit:18).
 Your intelligence was 17 (limit:19).
 Your wisdom was 17 (limit:18).
 Your charisma was 7 (limit:18).

Final Status:
 You weren't hungry.
 You were unencumbered.
 You were wielding a pick-axe.
 You were skilled in pick-axe.

Final Attributes:
 You were piously aligned.
 You had automatic searching.
 You had infravision.
 You were stealthy.
 You were protected.
 You were lucky.
 You are dead.

Miscellaneous:
 You didn't encounter any bones levels.
 Total elapsed playing time was 40 minutes and 12 seconds.

Major events:
 Turn
    1: BeardyHaddock the neutral male gnomish Archeologist entered the dungeon
 1479: attained the rank of Field Worker (level 3)
 3227: entered the Gnomish Mines
 3978: reached Mine Town
 4124: killed by a rothe

Spells:
 Name                 Level Category     Fail Retention
 healing                1   healing        0%  76%-100%
 detect monsters        1   divination     0%  76%-100%
 light                  1   divination     0%  76%-100%
 confuse monster        1   enchantment    0%  76%-100%
 stone to flesh         3   healing       98%  76%-100%
 remove curse           3   clerical      98%  76%-100%
 knock                  1   matter         0%  76%-100%
 haste self             3   escape        98%  76%-100%
 detect treasure        4   divination   100%  76%-100%

Skills:
 Fighting Skills
   bare handed combat [Unskilled]
   two weapon combat  [Unskilled]
   riding             [Unskilled]
 Weapon Skills
   dagger             [Unskilled]
   knife              [Unskilled]
   pick-axe           [Skilled]
   short sword        [Unskilled]
   saber              [Unskilled]
   club               [Unskilled]
   quarterstaff       [Unskilled]
   sling              [Unskilled]
   dart               [Unskilled]
   boomerang          [Unskilled]
   whip               [Basic]
   unicorn horn       [Unskilled]
 Spellcasting Skills
   attack spells      [Unskilled]
   healing spells     [Unskilled]
   divination spells  [Unskilled]
   matter spells      [Unskilled]

Voluntary challenges:
 Character rerolling was not enabled.
 You never genocided any monsters.
 You never changed form.
 You used no wishes.
Achievements:
 You attained the rank of Field Worker.
 You entered a shop.
 You entered the Gnomish Mines.
 You entered Minetown.

 The Dungeons of Doom: levels 1 to 4
    Level 1:
       A fountain.
    Level 2:
       A grave.
    Level 3:
       A bookstore, many altars, a fountain.
       Stairs down to The Gnomish Mines.
    Level 4:
       A fountain.
 The Gnomish Mines: levels 4 to 7
    Level 4:
    Level 5:
    Level 6:
       Some fountains, some trees.
    Level 7: <- You were here.
       Final resting place for
          you, killed by a rothe.


Vanquished creatures:
  a leprechaun
  a pony
  3 gnome leaders
  a kobold mummy
  a paper golem
  2 giant ants
  a kitten
  2 dwarves
  2 rothes
  2 giant bats
  6 iguanas
 an acid blob
  a hobbit
  a manes
  3 large kobolds
  3 giant rats
  3 cave spiders
  a green mold
  2 gnomes
  a gnome zombie
  5 geckos
 12 jackals
  2 foxes
  a kobold
  2 goblins
  2 bats
  7 lichens
  a kobold zombie
  4 newts
74 creatures vanquished.

No species were genocided or became extinct.

Game over:
                       ----------
                      /          \
                     /    REST    \
                    /      IN      \
                   /     PEACE      \
                  /                  \
                  |  BeardyHaddock   |
                  |      265 Au      |
                  |   killed by a    |
                  |      rothe       |
                  |                  |
                  |                  |
                  |       2026       |
                 *|     *  *  *      | *
        _________)/\\_//(\/(/\)/\//\/|_)_______

Goodbye BeardyHaddock the Archeologist...

You died in The Gnomish Mines on dungeon level 7 with 1285 points,
and 265 pieces of gold, after 4124 moves.
You were level 5 with a maximum of 49 hit points when you died.

